 Dungeon Sprint DCSS version 0.24-a0-537-g2d01d4a (webtiles) character file.

Game seed: 7132827771248703377

62470 Faca the Slayer (level 15, -1/149 HPs)
             Began as a Formicid Fighter on Aug 13, 2019.
             Was the Champion of the Shining One.
             Hit by a silver javelin thrown by a merfolk javelineer (2 damage)
             ... in the Dungeon (Sprint IX: "|||||||||||||||||||||||||||||").
             The game lasted 00:19:53 (5372 turns).

Faca the Slayer (Formicid Fighter)                  Turns: 5372, Time: 00:19:54

Health: -1/149     AC: 33    Str: 30    XL:     15   Next: 46%
Magic:  7/15       EV: 13    Int:  8    God:    the Shining One [******]
Gold:   449        SH: 38    Dex: 10    Spells: 14/14 levels left

rFire    + . .     SeeInvis +   o - +0 great sword (flame)
rCold    + . .     Gourm    .   r - +8 large shield
rNeg     + + +     Faith    .   A - +2 plate armour {MR+}
rPois    +         Spirit   .   (helmet unavailable)
rElec    .         Reflect  .   q - +1 cloak
rCorr    .         Harm     .   j - +2 pair of gloves {Str+3}
MR       ++...                  w - +0 pair of boots
Stlth    ..........             (no amulet)
HPRegen  0.00/turn              B - +4 ring of protection
MPRegen  0.14/turn              u - ring of Eternal Night {rPois rF+ rC+ EV+4}

@: divine shield, glowing
A: permanent stasis, dig shafts and tunnels, four strong arms, antennae 3,
deterioration 1, mutation resistance 1, inhibited regeneration
a: Dig, Divine Shield, Cleansing Flame, Summon Divine Warrior, Brand Weapon With
Holy Wrath, Renounce Religion


You were in the Dungeon.
You worshipped the Shining One.
The Shining One was exalted by your worship.
You were very hungry.

You visited 1 branch You collected 1927 gold pieces.
You spent 1478 gold pieces at shops.

Inventory:

Hand Weapons
 k - a +4 scimitar of flaming
 o - a +0 great sword of flaming (weapon)
 y - a +2 great sword
Missiles
 C - a javelin (quivered)
Armour
 j - a +2 pair of gloves of strength (worn)
 q - a +1 cloak (worn)
 r - a +8 large shield (worn)
 w - a +0 pair of boots (worn)
 A - a +2 plate armour of magic resistance (worn)
Jewellery
 g - an uncursed ring of protection from fire
 m - an uncursed ring of poison resistance
 u - the ring of Eternal Night (right hand) {rPois rF+ rC+ EV+4}
   (You found it in the Dungeon)

   [ring of evasion]

   It affects your evasion (+4).
   It protects you from fire.
   It protects you from cold.
   It protects you from poison.
 B - a +4 ring of protection (left hand)
Wands
 a - a wand of paralysis (11)
 c - a wand of flame (16)
 n - a wand of acid (16)
Scrolls
 l - 4 scrolls of remove curse
 p - 2 scrolls of enchant weapon
 s - 5 scrolls of enchant armour
 v - 2 scrolls of fog
 x - 3 scrolls of identify
 z - 2 scrolls of fear
Potions
 b - 3 potions of brilliance
 d - 2 potions of might
 e - 10 potions of curing
 h - 2 potions of resistance
 i - 4 potions of magic
 t - 2 potions of mutation
Comestibles
 f - 10 rations


   Skills:
 + Level 23.2 Fighting
 + Level 21.5 Long Blades
 + Level 19.8 Armour
 + Level 21.2 Shields


You had 14 spell levels left.
You didn't know any spells.
Your spell library was empty.

Dungeon Overview and Level Annotations

Branches:
Dungeon (1/1)

Altars:
Cheibriados
Dithmenos
Elyvilon
Fedhas
Gozag
Hepliaklqana
Kikubaaqudgha
Makhleb
Nemelex Xobeh
Okawaru
Qazlal
Ru
Sif Muna
Trog
Uskayaw
Vehumet
Wu Jian
Xom
Yredelemnul
Zin
The Shining One
Beogh
Jiyva
Lugonu

Shops:
D }[([


Innate Abilities, Weirdness & Mutations

You cannot be hasted, slowed, berserked, paralysed or teleported.
You can dig through walls and to a lower floor.
Your four strong arms can wield two-handed weapons with a shield.
You have a pair of large antennae on your head. (SInv)
Your body sometimes deteriorates upon taking damage.
You are somewhat resistant to further mutation.
You do not regenerate when monsters are visible.


Message History

The golden flame engulfs you but does no damage.
The golden flame engulfs the merfolk javelineer!
The merfolk javelineer is lightly wounded.
The golden flame engulfs the merfolk impaler!
The merfolk impaler is lightly wounded.
You are feeling very hungry.
You block the merfolk impaler's attack.
The merfolk javelineer throws a silver javelin.
The silver javelin pierces through you.
* * * LOW HITPOINT WARNING * * *
The silver sears you!
* * * LOW HITPOINT WARNING * * *
The merfolk impaler hits you but does no damage.
Your shield is strengthened by the Shining One's divine power.
You feel slightly more hungry. You block the merfolk impaler's attack.
The merfolk javelineer throws a silver javelin.
The silver javelin pierces through you!
* * * LOW HITPOINT WARNING * * *
The silver sears you!
You die... {{{{{{{ { ▓▓▓▓▓▓▓▓▓▓▓▓▓▓▓▓▓▓▓ mmmm.m)mm)'.mmmm@(▓

▓▓▓▓▓▓▓▓▓▓▓▓▓▓▓▓▓(▓
.................(▓
▓▓▓▓▓▓▓▓▓▓▓▓▓▓▓▓▓▓▓
=.==.'............▓
▓▓▓▓▓▓▓▓▓▓▓▓▓▓▓▓▓.▓
..................▓
▓▓▓▓▓▓▓▓▓▓▓▓▓▓▓▓▓▓▓
'.................▓


You could see 2 merfolk impalers, a merfolk javelineer and a merfolk.

Vanquished Creatures
  A tengu reaver (D)
  A nagaraja (D)
  Ilsuiw (D)
  Donald (D)
  2 fire giants (D)
  A ghost moth (D)
  An emperor scorpion (D)
  A spriggan defender (D)
  A very ugly thing (D)
  An entropy weaver (D)
  3 merfolk javelineers (D)
  6 ettins (D)
  2 great orbs of eyes (D)
  A yaktaur captain (D)
  2 fire dragons (D)
  A merfolk impaler (D)
  Erolcha (D)
  2 ice dragons (D)
  A ghost crab (D)
  A naga warrior (D)
  2 hydras (D)
  A rakshasa (D)
  Erica (D)
  2 merfolk aquamancers (D)
  A centaur warrior (D)
  2 tengu warriors (D)
  A death knight (D)
  A spriggan berserker (D)
  A naga sharpshooter (D)
  An orc high priest (D)
  A shadow wraith (D)
  5 sea snakes (D)
  An unseen horror (shapeshifter) (D)
  A glowing orange brain (D)
  A flayed ghost (D)
  3 lindwurms (D)
  A swamp dragon (D)
  A harpy (D)
  8 orc knights (D)
  A necromancer (D)
  2 cyclopes (D)
  4 orc sorcerers (D)
  A manticore (D)
  A guardian serpent (D)
  2 wolf spiders (D)
  A merfolk siren (D)
  A guardian serpent (shapeshifter) (D)
  3 naga magi (D)
  Maurice (D)
  2 black mambas (D)
  Joseph (D)
  A vault sentinel (D)
  A water nymph (D)
  A gargoyle (D)
  Psyche (D)
  2 spiny frogs (D)
  4 yaktaurs (D)
  An efreet (D)
  A demonic crawler (D)
  2 jumping spiders (D)
  4 hornets (D)
  2 blink frogs (D)
  A bog body (D)
  A slime creature (D)
  A snapping turtle (D)
  A hippogriff (D)
  2 tarantellas (D)
  A yak (D)
  A yak (shapeshifter) (D)
  A basilisk (D)
  2 hogs (shapeshifter) (D)
  A swamp drake (D)
  2 porcupines (D)
  5 orc warriors (D)
  2 boggarts (D)
  3 wolves (D)
  2 centaurs (D)
  5 crocodiles (D)
  A big kobold (D)
  3 bullfrogs (D)
  A crimson imp (D)
  A hound (D)
  2 orc priests (D)
  7 orc wizards (D)
  A worker ant (D)
  A shadow imp (D)
  An ooze (D)
  An adder zombie (D)
  5 worms (D)
  2 leopard geckos (D)
  15 orcs (D)
  A bat skeleton (D)
  A giant cockroach (D)
  2 goblins (D)
  2 bats (D)
184 creatures vanquished.

Vanquished Creatures (others)
  A hydra (D)
  A spiny frog (D)
  A hornet (D)
  A spriggan (D)
  A swamp drake (D)
5 creatures vanquished.

Grand Total: 189 creatures vanquished

Notes
Turn   | Place    | Note
-------+----------+-------------------------------------------
     0 | D        | Faca the Formicid Fighter began the quest for the Orb.
     0 | D        | Reached XP level 1. HP: 18/18 MP: 1/1
     9 | D        | Reached skill level 4 in Fighting
    15 | D        | Reached XP level 2. HP: 22/26 MP: 2/2
    81 | D        | Reached skill level 5 in Fighting
    81 | D        | Reached XP level 3. HP: 15/33 MP: 3/3
    90 | D        | Reached skill level 6 in Fighting
    90 | D        | Reached skill level 5 in Long Blades
    90 | D        | Reached XP level 4. HP: 18/41 MP: 4/4
   265 | D        | Found a roughly hewn altar of Beogh.
   265 | D        | Found a snail-covered altar of Cheibriados.
   265 | D        | Found a shadowy altar of Dithmenos.
   265 | D        | Found a white marble altar of Elyvilon.
   265 | D        | Found a blossoming altar of Fedhas.
   265 | D        | Found an opulent altar of Gozag.
   266 | D        | Found a hazy altar of Hepliaklqana.
   267 | D        | Found a viscous altar of Jiyva.
   268 | D        | Found an ancient bone altar of Kikubaaqudgha.
   269 | D        | Found a corrupted altar of Lugonu.
   270 | D        | Found a burning altar of Makhleb.
   271 | D        | Found a sparkling altar of Nemelex Xobeh.
   272 | D        | Found an iron altar of Okawaru.
   273 | D        | Found a stormy altar of Qazlal.
   274 | D        | Found a sacrificial altar of Ru.
   275 | D        | Found a shimmering blue altar of Sif Muna.
   276 | D        | Found a bloodstained altar of Trog.
   277 | D        | Found a hide-covered altar of Uskayaw.
   278 | D        | Found a radiant altar of Vehumet.
   279 | D        | Found an ornate altar of the Wu Jian Council.
   280 | D        | Found a shimmering altar of Xom.
   281 | D        | Found a basalt altar of Yredelemnul.
   282 | D        | Found a glowing silver altar of Zin.
   283 | D        | Found a glowing golden altar of the Shining One.
   296 | D        | Became a worshipper of Xom of Chaos
   300 | D        | Fell from the grace of Xom
   300 | D        | Became a worshipper of the Shining One
   348 | D        | Noticed a centaur
   348 | D        | Noticed a yak
   348 | D        | Noticed a centaur
   348 | D        | Reached * piety under the Shining One
   354 | D        | Killed a centaur
   354 | D        | Reached skill level 8 in Fighting
   354 | D        | Reached XP level 5. HP: 47/50 MP: 5/5
   361 | D        | Killed a yak
   361 | D        | Reached skill level 10 in Fighting
   361 | D        | Reached XP level 6. HP: 53/60 MP: 6/6
   369 | D        | Reached skill level 11 in Fighting
   369 | D        | Reached skill level 10 in Long Blades
   369 | D        | Reached XP level 7. HP: 57/68 MP: 7/7
   425 | D        | Noticed a manticore
   425 | D        | Reached ** piety under the Shining One
   425 | D        | Noticed a hornet
   425 | D        | Noticed a basilisk
   425 | D        | Noticed a yak
   425 | D        | a black bear changed into a yak
   443 | D        | Noticed a guardian serpent
   443 | D        | a yak changed into a guardian serpent
   444 | D        | Killed a basilisk
   444 | D        | Reached skill level 12 in Fighting
   448 | D        | Killed a hornet
   448 | D        | Reached XP level 8. HP: 60/78 MP: 8/8
   455 | D        | Killed a guardian serpent
   455 | D        | Reached skill level 13 in Fighting
   462 | D        | Killed a manticore
   462 | D        | Reached skill level 14 in Fighting
   462 | D        | Reached XP level 9. HP: 39/88 MP: 9/9
   791 | D        | Got the ring of Eternal Night {rPois rF+ rC+ EV+4}
   794 | D        | XOM: mild Conj miscast
   806 | D        | Reached *** piety under the Shining One
   806 | D        | Noticed a blink frog
   806 | D        | Noticed a spiny frog
   811 | D        | Killed a spiny frog
   815 | D        | Noticed a blink frog
   815 | D        | Reached **** piety under the Shining One
   822 | D        | Reached skill level 15 in Fighting
   831 | D        | Reached skill level 5 in Shields
   842 | D        | Killed a blink frog
   842 | D        | Reached skill level 5 in Armour
   849 | D        | Killed a blink frog
   966 | D        | Noticed a five-headed hydra
   969 | D        | Noticed a spiny frog
   970 | D        | Reached XP level 10. HP: 97/97 MP: 10/10
   976 | D        | Reached ***** piety under the Shining One
   977 | D        | Killed a one-headed hydra
   982 | D        | Reached skill level 16 in Fighting
   986 | D        | Killed a spiny frog
  1027 | D        | Noticed a lindwurm
  1027 | D        | Noticed a lindwurm
  1027 | D        | Noticed a lindwurm
  1036 | D        | Killed a lindwurm
  1036 | D        | Reached skill level 15 in Long Blades
  1047 | D        | Killed a lindwurm
  1055 | D        | Killed a lindwurm
  1055 | D        | Reached skill level 10 in Shields
  1055 | D        | Reached XP level 11. HP: 59/106 MP: 11/11
  1236 | D        | XOM: medium Conj miscast
  1367 | D        | Noticed Psyche
  1371 | D        | Killed Psyche
  1433 | D        | Reached ****** piety under the Shining One
  1552 | D        | Noticed an orc sorcerer
  1554 | D        | Noticed an orc sorcerer
  1567 | D        | Killed an orc sorcerer
  1567 | D        | Reached skill level 17 in Fighting
  1567 | D        | Reached skill level 10 in Armour
  1579 | D        | Noticed an orc knight
  1596 | D        | Noticed an orc knight
  1596 | D        | Killed an orc sorcerer
  1597 | D        | Noticed a sea snake
  1597 | D        | an orc knight changed into a sea snake
  1597 | D        | XOM: polymorph orc knight -> sea snake
  1605 | D        | Killed an orc knight
  1615 | D        | Killed a sea snake
  1800 | D        | Found Weqo's Antique Armour Boutique.
  1800 | D        | Noticed an orc knight
  1800 | D        | Noticed an orc high priest
  1800 | D        | Noticed an orc knight
  1800 | D        | Noticed an orc sorcerer
  1801 | D        | Noticed a soul eater
  1805 | D        | Killed an orc sorcerer
  1832 | D        | Killed an orc knight
  1840 | D        | Found Weunk's Antique Weapon Shop.
  1843 | D        | XOM: medium Ice miscast
  1844 | D        | Killed an orc high priest
  1854 | D        | Killed an orc knight
  1859 | D        | Noticed an orc knight
  1878 | D        | Killed an orc knight
  2048 | D        | Found Syliq's Armour Boutique.
  2052 | D        | Found Yzaodgh Waur's Gadget Shop.
  2055 | D        | Bought a runed large shield for 217 gold pieces
  2056 | D        | Noticed an orc sorcerer
  2057 | D        | Noticed an orc knight
  2064 | D        | Killed an orc sorcerer
  2064 | D        | Reached skill level 18 in Fighting
  2074 | D        | Killed an orc knight
  2074 | D        | Reached XP level 12. HP: 57/116 MP: 12/12
  2092 | D        | Bought a pair of runed gloves for 217 gold pieces
  2092 | D        | Bought a warped plate armour for 812 gold pieces
  2092 | D        | Bought an embroidered scarf for 232 gold pieces
  2113 | D        | Identified the cursed +0 plate armour of the Ward {Stlth+}
                  | (You bought it in a shop in the Dungeon)
  2274 | D        | Noticed Joseph
  2283 | D        | Killed Joseph
  2314 | D        | Noticed Maurice
  2325 | D        | Killed Maurice
  2430 | D        | Noticed a centaur warrior
  2430 | D        | Noticed a five-headed hydra
  2437 | D        | Killed a one-headed hydra
  2439 | D        | Noticed a fire giant
  2442 | D        | Killed a centaur warrior
  2449 | D        | Noticed an ettin
  2452 | D        | Noticed a tengu warrior
  2460 | D        | Killed a fire giant
  2484 | D        | Noticed an ettin
  2486 | D        | Noticed a tengu warrior
  2487 | D        | Killed an ettin
  2496 | D        | Killed a tengu warrior
  2496 | D        | Reached skill level 19 in Fighting
  2502 | D        | Killed an ettin
  2505 | D        | Reached skill level 15 in Shields
  2509 | D        | Killed a tengu warrior
  2730 | D        | Noticed an ettin
  2741 | D        | Killed an ettin
  2741 | D        | Reached XP level 13. HP: 44/125 MP: 13/13
  3052 | D        | Noticed Erolcha
  3062 | D        | Killed Erolcha
  3100 | D        | Upgraded the game from 0.24-a0-536-gdd4cf15 to
                  | 0.24-a0-537-g2d01d4a
  3113 | D        | Noticed a seven-headed hydra
  3113 | D        | Noticed a ghost crab
  3119 | D        | Killed a seven-headed hydra
  3126 | D        | Killed a ghost crab
  3266 | D        | Reached skill level 15 in Armour
  3283 | D        | Reached skill level 20 in Fighting
  3434 | D        | XOM: severe Tloc miscast
  3512 | D        | Gained mutation: You are frail. (-10% HP) [mutagenic glow]
  3600 | D        | Gained mutation: You are dopey. (Int -2) [mutagenic glow]
  3644 | D        | Lost mutation: You are dopey. (Int -2) [potion of mutation]
  3644 | D        | Lost mutation: You are frail. (-10% HP) [potion of
                  | mutation]
  3644 | D        | Gained mutation: Your body sometimes deteriorates upon
                  | taking damage. [potion of mutation]
  3644 | D        | Gained mutation: You are somewhat resistant to further
                  | mutation. [potion of mutation]
  3647 | D        | Noticed a nagaraja
  3647 | D        | Noticed a naga warrior
  3667 | D        | Killed a nagaraja
  3678 | D        | Killed a naga warrior
  3704 | D        | XOM: mild Tmut miscast
  4042 | D        | Noticed a ghost moth
  4042 | D        | Noticed an emperor scorpion
  4042 | D        | Noticed an entropy weaver
  4051 | D        | Killed an entropy weaver
  4058 | D        | Killed an emperor scorpion
  4062 | D        | Killed a ghost moth
  4062 | D        | Reached XP level 14. HP: 116/136 MP: 0/14
  4183 | D        | Noticed Donald
  4193 | D        | XOM: enchant monster (bad)
  4197 | D        | Killed Donald
  4197 | D        | Reached skill level 21 in Fighting
  4302 | D        | Noticed Erica
  4312 | D        | Killed Erica
  4427 | D        | Noticed a cyan very ugly thing
  4431 | D        | Noticed a fire giant
  4442 | D        | Noticed a spriggan defender
  4446 | D        | Killed a cyan very ugly thing
  4459 | D        | Killed a fire giant
  4463 | D        | Killed a spriggan defender
  4793 | D        | XOM: noise
  4817 | D        | Reached skill level 22 in Fighting
  4871 | D        | XOM: noise
  4913 | D        | Reached XP level 15. HP: 141/148 MP: 15/15
  4926 | D        | Noticed a tengu reaver
  4934 | D        | Killed a tengu reaver
  5154 | D        | Found the +8 mithril axe "Arga" {speed, MR+}
  5206 | D        | XOM: give mutation
  5206 | D        | Gained mutation: You do not regenerate when monsters are
                  | visible. [Xom's mischief]
  5307 | D        | Noticed Ilsuiw
  5331 | D        | Killed Ilsuiw
  5331 | D        | Reached skill level 23 in Fighting
  5372 | D        | HP: 1/149 [merfolk javelineer/silver javelin (11)]
  5372 | D        | Hit by a silver javelin thrown by a merfolk javelineer

Levels and vault maps discovered:
D:        linesprint [early_d, line_temple, items_1, d_10, items_2, lair_1,
          lair_end, items_3, orc_1, orc_end, items_4, d_15, swamp_1, shoals_1,
          snake_1, spider_1, d_20, vaults_1, items_5, swamp_end, shoals_end,
          snake_end, spider_end, vaults_end, d_27, items_6, zot_1, zot_end,
          crypt_end, forest_end, elf_end, slime_end, tomb_end, abyss_end,
          pan_hell_end]

Skill      XL: |  1  2  3  4  5  6  7  8  9 10 11 12 13 14 15 |
---------------+----------------------------------------------+-----
Fighting       | 4 5 6 8 10 11 12 14 15 16 18 19 20 22 23 | 23.2
Long Blades    | 3 4 5 7 9 10 11 13 14 15 16 17 19 20 21 | 21.5
Shields        | 6 10 13 15 17 20 21 | 21.2
Armour         | 6 9 12 14 16 18 19 | 19.8

Action                   |  1- 3 |  4- 6 |  7- 9 | 10-12 | 13-15 || total
-------------------------+-------+-------+-------+-------+-------++-------
Melee: Long sword        |    32 |       |       |       |       ||    32
       Scimitar          |       |    18 |    67 |   318 |    36 ||   439
       Great sword       |       |       |       |       |   349 ||   349
Invok: Divine Shield     |       |       |       |     3 |     1 ||     4
       Cleansing Flame   |       |       |       |       |     1 ||     1
  Use: Potion            |       |       |     1 |     4 |     1 ||     6
       Scroll            |       |       |       |     1 |     5 ||     6
  Eat: Chunk             |       |       |       |     7 |     4 ||    11
       Ration            |       |       |       |       |     1 ||     1
Armor: Scale mail        |    13 |       |       |       |       ||    13
       Plate armour      |       |     7 |    18 |    46 |    90 ||   161
Dodge: Dodged            |     8 |     3 |    16 |    45 |    61 ||   133
Block: Shield            |    14 |    10 |    25 |    68 |       ||   117
       Large shield      |       |       |       |    72 |   292 ||   364
       Rpst.: Long sword |     2 |       |       |       |       ||     2
       Scimitar          |       |     1 |     7 |     9 |       ||    17
       Great sword       |       |       |       |       |    13 ||    13

Table legend:
 A = Non-vault XP
 B = Vault XP
 C = Vault XP percentage of total XP
 D = Non-vault monster count
 E = Vault monster count
 F = Vault count percentage of total count
                 A         B        C        D         E       F
            +---------+---------+-------+---------+---------+-------
      Total |       0 |   89243 | 100.0 |       0 |     185 | 100.0
            +---------+---------+-------+---------+---------+-------
          D |       0 |   89243 | 100.0 |       0 |     185 | 100.0
            +---------+---------+-------+---------+---------+-------
